 Dungeon Crawl Stone Soup version 0.17-a0-2215-g49c1de0 (webtiles) character file.

7060 beardedkeet the Fighter (level 10, 0/97 HPs)
             Began as a Minotaur Berserker on Oct 27, 2015.
             Was an Elder of Trog.
             Slain by a komodo dragon (5 damage)
             ... on level 9 of the Dungeon.
             The game lasted 01:16:01 (8536 turns).

beardedkeet the Fighter (Minotaur Berserker)        Turns: 8536, Time: 01:16:01

Health: 0/97       AC: 12    Str: 25    XL:     10   Next: 83%
Magic:  9/9        EV:  9    Int:  4    God:    Trog [****..]
Gold:   327        SH:  0    Dex: 10    Spells: 0 memorised, 9 levels left

rFire  . . .     SeeInvis .     H - +0 war axe
rCold  . . .     Clarity  .     J - +0 chain mail {rPois}
rNeg   . . .     SustAt   .     (no shield)
rPois  +         Gourm    .     (helmet restricted)
rElec  .         Spirit   .     (no cloak)
rCorr  .         Warding  .     (no gloves)
rMut   .         Stasis   .     (no boots)
MR     .....                    (no amulet)
Stlth  ..........               (no ring)
                                (no ring)

@: exhausted, very slightly contaminated, slowed, invisible, very slow, not
resistant to hostile enchantments, extremely unstealthy
A: retaliatory headbutt, horns 2
a: Berserk, Trog's Hand, Brothers in Arms, Burn Spellbooks, Renounce Religion


You were on level 9 of the Dungeon.
You worshipped Trog.
Trog was greatly pleased with you.
You were very hungry.

You visited 2 branches of the dungeon, and saw 10 of its levels.

You collected 327 gold pieces.

Inventory:

Hand Weapons
 H - a +0 war axe (weapon)
Armour
 b - a +0 cloak
 E - a +0 plate armour
 J - a +0 chain mail of poison resistance (worn)
Jewellery
 c - an uncursed amulet of regeneration {unknown}
 o - an uncursed amulet of resist mutation
 A - an uncursed ring of protection from cold {unknown}
Wands
 m - a wand of polymorph (3)
 n - a wand of hasting (9)
 z - a wand of slowing (24)
 D - a wand of invisibility (4)
 F - a wand of paralysis (17)
Scrolls
 d - a scroll of summoning {unknown}
 r - a scroll of remove curse
 C - 2 scrolls of enchant armour
 G - a scroll of recharging
 I - a scroll of enchant weapon {unknown}
Potions
 e - 3 potions of might
 h - a potion of invisibility
 i - 3 potions of curing
 k - 2 potions of flight
 l - a potion of resistance
 p - a potion of poison {unknown}
 q - 2 potions of cancellation {unknown}
 t - a potion of berserk rage {unknown}
 v - a potion of brilliance {unknown}
 x - a potion of heal wounds {unknown}
Books
 f - a book of Party Tricks

   Spells                             Type                      Level
   a - Summon Butterflies             Summoning                    1
   b - Apportation                    Translocation                1
   c - Tukima's Dance                 Hexes                        3
   d - Alistair's Intoxication        Transmutation/Poison         4
   e - Invisibility                   Hexes                        6
   Trog disapproves of the use of such an item.
 y - a book of Ice

   Spells                             Type                      Level
   a - Ice Form                       Ice/Transmutation            4
   b - Metabolic Englaciation         Hexes/Ice                    5
   c - Ozocubu's Refrigeration        Ice                          6
   d - Bolt of Cold                   Conjuration/Ice              6
   e - Freezing Cloud                 Conjuration/Ice/Air          6
   f - Simulacrum                     Ice/Necromancy               6
   Trog disapproves of the use of such an item.
Comestibles
 g - 4 meat rations
 j - 2 royal jellies
 s - 5 fruits
 u - 3 beef jerkies
 B - 7 slices of pizza


   Skills:
 + Level 11.9 Fighting
 + Level 11.8 Axes
 + Level 11.4 Armour
 - Level 2.4 Dodging


You had 9 spell levels left.
You didn't know any spells.

Dungeon Overview and Level Annotations

Branches:
Dungeon (9/15)             Temple (0/1) D:4            Lair (1/8) D:9
    Orc: D:9-12

Altars:
Ashenzari
Trog

Shops:
D:4 :


Innate Abilities, Weirdness & Mutations

You reflexively headbutt those who attack you in melee.
You have a pair of horns on your head.


Message History

The giant frog hits you but does no damage.
The giant frog hits you but does no damage. x2
The giant frog barely misses you.
The giant frog hits you but does no damage. x2
The giant frog barely misses you. You furiously retaliate!
You headbutt the giant frog.
The giant frog hits you but does no damage. x2
The giant frog hits you but does no damage.
The giant frog hits you. The komodo dragon bites you!!
* * * LOW HITPOINT WARNING * * *
Drink which item? (? for menu, Esc to quit)
You fade into invisibility!
The giant frog barely misses you. The giant frog closely misses you.
The komodo dragon bites you!
* * * LOW HITPOINT WARNING * * *
The giant frog barely misses you. The giant frog hits you.
* * * LOW HITPOINT WARNING * * *
You are very lightly contaminated with residual magic.
The giant frog barely misses you. The komodo dragon bites you.
You die... ####### ##PPPPP## #PPPPP..#

###P...PPP#######################
..#P.>.PP........................
###PP..PP..........##...........#
# #PPP.P...........##...........#
# #PPPP).P.....l...##..######...#
# #PPPP........F@..##..# #...#
###PPPP...#....F.......######...#
..#PP.....######............[....
..##P....##....#......###########
#####...###....#......# #...
...............#......# #...
......#........#......# #...
......#........#......# #...
....<.####'#####......# #######


You could see a komodo dragon and 2 giant frogs.

Vanquished Creatures
  The ghost of Duffy the Sneak, a novice NaEn of Cheibriados (D:5)
  A spiny frog (Lair:1)
  A komodo dragon (D:9)
  Prince Ribbit (D:9)
  A troll (D:9)
  2 deep elf magi (D:9)
  A hungry ghost (D:9)
  A hippogriff (D:9)
  A hog (D:7)
  5 wolves (Lair:1)
  A human (D:7)
  Edmund (D:6)
  2 water moccasins
  An eye of draining (D:9)
  3 ice beasts
  A black bear (D:9)
  3 orc warriors
  2 phantoms (D:4)
  5 sky beasts
  7 ogres
  2 centaurs
  A big kobold (D:8)
  5 giant frogs
  A wyvern skeleton (D:6)
  3 scorpions
  2 giant frog zombies (D:6)
  2 jellies
  A giant frog skeleton (D:6)
  4 crimson imps
  7 orc priests
  A centaur skeleton (D:8)
  4 hounds
  9 orc wizards
  3 worker ants
  3 iguanas
  3 sheep (D:7)
  A hound skeleton (D:6)
  A worker ant zombie (D:9)
  6 adders
  5 shadow imps
  3 oozes
  2 giant geckos
  44 orcs
  9 bats
  8 giant cockroaches
  7 goblins
  4 hobgoblins
  3 ball pythons
  A giant gecko skeleton (D:4)
  A giant gecko zombie (D:4)
  4 kobolds
  5 quokkas
  3 rats (D:1)
199 creatures vanquished.

Vanquished Creatures (others)
  A plant (D:9)
1 creature vanquished.

Grand Total: 200 creatures vanquished

Notes
Turn   | Place    | Note
--------------------------------------------------------------
     0 | D:1      | beardedkeet the Minotaur Berserker began the quest for the Orb.
     0 | D:1      | Reached XP level 1. HP: 19/19 MP: 0/0
     0 | D:1      | Noticed a merfolk skeleton
     0 | D:1      | Noticed an elf skeleton
     6 | D:1      | Noticed a vine stalker skeleton
     8 | D:1      | Noticed an elf skeleton
    10 | D:1      | Noticed a spriggan skeleton
    12 | D:1      | Noticed a troll skeleton
    16 | D:1      | Noticed a minotaur skeleton
    18 | D:1      | Noticed a centaur skeleton
   116 | D:1      | Reached XP level 2. HP: 22/27 MP: 1/1
   207 | D:1      | Reached skill level 4 in Axes
   594 | D:1      | Reached XP level 3. HP: 33/33 MP: 2/2
   659 | D:2      | Reached ** piety under Trog
   695 | D:2      | You fall through a shaft!
  1165 | D:4      | Noticed an ogre
  1176 | D:4      | Reached XP level 4. HP: 39/41 MP: 3/3
  1179 | D:4      | Killed an ogre
  1179 | D:4      | Reached skill level 5 in Fighting
  1179 | D:4      | Reached skill level 5 in Axes
  1179 | D:4      | Reached XP level 5. HP: 48/48 MP: 4/4
  1298 | D:4      | Found a staircase to the Ecumenical Temple.
  1482 | D:4      | Found Zynylet's Book Boutique.
  1592 | D:4      | Noticed an ogre
  1594 | D:4      | Noticed a phantom
  1607 | D:4      | Killed an ogre
  1607 | D:4      | Reached XP level 6. HP: 57/57 MP: 5/5
  1614 | D:4      | Noticed a phantom
  1615 | D:4      | Killed a phantom
  1630 | D:4      | Killed a phantom
  1630 | D:4      | Reached skill level 6 in Fighting
  1630 | D:4      | Reached skill level 5 in Armour
  1754 | D:5      | Entered Level 5 of the Dungeon
  1810 | D:5      | Reached XP level 7. HP: 44/64 MP: 6/6
  2048 | D:5      | Reached skill level 7 in Fighting
  2599 | D:5      | Noticed Duffy's ghost (novice NaEn)
  2616 | D:5      | Killed Duffy's ghost
  2616 | D:5      | Reached *** piety under Trog
  2616 | D:5      | Reached XP level 8. HP: 74/74 MP: 7/7
  2724 | D:5      | Reached skill level 8 in Fighting
  3173 | D:6      | Found a bloodstained altar of Trog.
  3299 | D:6      | Reached skill level 9 in Fighting
  3318 | D:6      | Noticed Edmund
  3371 | D:6      | Killed Edmund
  3371 | D:6      | Reached XP level 9. HP: 83/83 MP: 8/8
  4628 | D:8      | Reached **** piety under Trog
  4648 | D:8      | Reached skill level 10 in Axes
  4649 | D:8      | Reached skill level 10 in Fighting
  5771 | D:8      | Reached skill level 10 in Armour
  6403 | D:9      | Reached XP level 10. HP: 94/94 MP: 9/9
  6442 | D:9      | Reached ***** piety under Trog
  6505 | D:9      | Found a shattered altar of Ashenzari.
  6579 | D:9      | Noticed Prince Ribbit
  6592 | D:9      | Killed Prince Ribbit
  6885 | D:9      | Reached skill level 11 in Fighting
  6937 | D:9      | Noticed a komodo dragon
  7505 | D:9      | Killed a komodo dragon
  7970 | D:9      | Found a staircase to the Lair.
  8500 | Lair:1   | Entered Level 1 of the Lair of Beasts
  8535 | D:9      | HP: 4/97 [giant frog (2)]
  8536 | D:9      | Slain by a komodo dragon

Vault maps used:
D:1:      shiori_arrival_whats_in_store_for_you, st_stairs_5
D:3:      first_bread
D:4:      minmay_temple_entry_trees, serial_shops, kennysheep_mini
D:6:      bloody_trog, uniq_edmund
D:7:      grunt_livestock
D:9:      david_lair_shrubbed, evilmike_ruin_ashenzari, uniq_prince_ribbit1
Lair:1:   serial_bayou_lake_a, uniq_urug, uniq_erica

Action                   |  1- 3 |  4- 6 |  7- 9 | 10-12 || total
-------------------------+-------+-------+-------+-------++-------
Melee: Hand axe          |    71 |    65 |   399 |       ||   535
       War axe           |       |       |    28 |   148 ||   176
Invok: Berserk           |       |     2 |     5 |     4 ||    11
       Trog's Hand       |       |       |       |     3 ||     3
       Brothers in Arms  |       |       |       |     1 ||     1
  Use: Scroll            |     5 |     2 |     6 |     4 ||    17
       Potion            |       |       |       |     2 ||     2
  Eat: Bread ration      |     1 |     1 |     4 |     2 ||     8
       Chunk             |       |       |       |     2 ||     2
